 Dungeon Crawl Stone Soup version 0.22.1-1-ga44c0e5 (webtiles) character file.

205 Lauz the Chopper (level 5, 0/70 HPs)
             Began as a Minotaur Berserker on Oct 30, 2018.
             Was a Priest of Trog.
             Slain by Grinder (6 damage)
             ... while paralysed by Grinder
             ... on level 3 of the Dungeon.
             The game lasted 00:04:57 (1718 turns).

Lauz the Chopper (Minotaur Berserker)               Turns: 1718, Time: 00:04:58

Health: 0/70       AC:  2    Str: 27    XL:     5   Next: 52%
Magic:  4/4        EV:  2    Int:  4    God:    Trog [***...]
Gold:   160        SH:  0    Dex: 10    Spells: 4/4 levels left

rFire    . . .     SeeInvis .   a - +0 hand axe
rCold    . . .     Gourm    +   (no shield)
rNeg     . . .     Faith    .   b - +0 animal skin
rPois    .         Spirit   .   (helmet restricted)
rElec    .         Reflect  .   (no cloak)
rCorr    .         Harm     .   (no gloves)
MR       .....                  (no boots)
Stlth    ..........             p - amulet of the gourmand
HPRegen  0.21/turn              (no ring)
MPRegen  0.09/turn              (no ring)

@: paralysed, berserking, lethally poisoned (0 -> -2)
A: retaliatory headbutt, horns 2
a: Berserk, Trog's Hand, Renounce Religion


You were on level 3 of the Dungeon.
You worshipped Trog.
Trog was most pleased with you.
You were not hungry.

You visited 1 branch of the dungeon, and saw 3 of its levels.

You collected 160 gold pieces.

Inventory:

Hand Weapons
 a - a +0 hand axe (weapon)
Missiles
 h - 31 poisoned needles
Armour
 b - a +0 animal skin (worn)
Jewellery
 j - an uncursed ring of poison resistance {unknown}
 p - an amulet of the gourmand (around neck)
Scrolls
 e - 4 scrolls of amnesia
 f - 2 scrolls of enchant armour {unknown}
 i - a scroll of blinking {unknown}
 k - a scroll of noise {unknown}
 l - a scroll of random uselessness {unknown}
 m - a scroll of identify
 n - a scroll of enchant weapon {unknown}
 s - a scroll of remove curse
Potions
 d - 2 potions of curing {unknown}
 g - a potion of lignification {unknown}
 o - a potion of magic {unknown}
 q - a potion of berserk rage {unknown}
 r - a potion of resistance {unknown}
Comestibles
 c - 3 rations


   Skills:
 + Level 4.6 Fighting
 * Level 6.8 Axes
 + Level 2.9 Armour
 - Level 2.1 Dodging


You had 4 spell levels left.
You didn't know any spells.
Your spell library was empty.

Dungeon Overview and Level Annotations

Branches:
Dungeon (3/15)

Altars:

Annotations:
D:3 Grinder


Innate Abilities, Weirdness & Mutations

You reflexively headbutt those who attack you in melee.
You have a pair of horns on your head.


Message History

You are too injured to fight recklessly!
A red film seems to cover your vision as you go berserk!
You feel yourself moving faster!
You feel mighty!
You feel quite a bit more hungry.
You feel sick. The adder bites you. Grinder hits you!
* * * LOW HITPOINT WARNING * * *
You writhe in agony.
* * * LOW HITPOINT WARNING * * *
You hit Grinder. Your headbutt misses Grinder.
Grinder is moderately wounded.
You closely miss the adder. The adder barely misses you.
Grinder says, "Don't move a muscle."
Grinder gestures at you.
You suddenly lose the ability to move!
You feel sick. The adder bites you.
* * * LOW HITPOINT WARNING * * *
Grinder hits you.
* * * LOW HITPOINT WARNING * * *
You writhe in agony.
You die...

#.###.)# #.#<........
#..# #......#[).. # #..#
#####.##.... .. #..#
#.##.... ... ###.##
#.##.... .... +....# #
#.##.#'# ..... ###..#
#.#...)#.#
......####.####.######.#
..!.?K5@†..............#
.......S................
.......####..##.##.#####
######. #.# .##.# #. #.
(.#.##.####. #. ####.#.
#...... #. ......
#......
########..###......
................(


You could see Grinder, an adder and a kobold.

Vanquished Creatures
  2 orc wizards (D:3)
  Jessica (D:3)
  5 adders
  An ooze (D:2)
  A worm (D:2)
  2 dart slugs (D:1)
  A leopard gecko (D:2)
  7 orcs (D:3)
  A giant cockroach (D:2)
  8 goblins
  4 hobgoblins
  4 quokkas (D:2)
  A ball python (D:3)
  6 bats
  4 frilled lizards
  9 kobolds
  7 rats
64 creatures vanquished.

Vanquished Creatures (others)
  4 toadstools (D:1)
4 creatures vanquished.

Grand Total: 68 creatures vanquished

Notes
Turn   | Place    | Note
-------+----------+-------------------------------------------
     0 | D:1      | Lauz the Minotaur Berserker began the quest for the Orb.
     0 | D:1      | Reached XP level 1. HP: 19/19 MP: 0/0
   163 | D:1      | Reached skill level 4 in Axes
   170 | D:1      | Reached XP level 2. HP: 20/27 MP: 1/1
   680 | D:2      | Reached ** piety under Trog
   680 | D:2      | Reached XP level 3. HP: 30/33 MP: 2/2
   823 | D:2      | Reached skill level 5 in Axes
   992 | D:2      | Reached XP level 4. HP: 41/41 MP: 3/3
  1354 | D:3      | Noticed Jessica
  1363 | D:3      | Killed Jessica
  1496 | D:3      | Reached skill level 6 in Axes
  1502 | D:3      | Reached XP level 5. HP: 36/47 MP: 4/4
  1652 | D:3      | Reached *** piety under Trog
  1710 | D:3      | Noticed Grinder
  1717 | D:3      | Paralysed by Grinder for 2 turns
  1718 | D:3      | Slain by Grinder

Skill      XL: |  1  2  3  4 |
---------------+-------------+-----
Axes           | 4 5 6 |  6.8
Fighting       | 4 |  4.6
Armour         | |  2.9
Dodging        | |  2.1

Action                   |  1- 3 |  4- 6 || total
-------------------------+-------+-------++-------
Melee: Hand axe          |    66 |    70 ||   136
       Headbutt          |     9 |    11 ||    20
Invok: Berserk           |       |     1 ||     1
  Use: Scroll            |       |     4 ||     4
  Eat: Chunk             |       |     7 ||     7
Armor: Animal skin       |    13 |    13 ||    26
Dodge: Dodged            |    38 |    51 ||    89
